 Dungeon Crawl Stone Soup version 0.29-a0-993-g4a18f31a58 (webtiles) character file.

Game seed: 3089242015635057784

16287 gelatine the Thaumaturge (level 12, -12/83 HPs)
             Began as a Demonspawn Hedge Wizard on Aug 3, 2022.
             Was a Priest of Vehumet.
             Mangled by a boulder beetle (47 damage)
             ... on level 3 of the Lair of Beasts.
             The game lasted 01:07:04 (15422 turns).

gelatine the Thaumaturge (Demonspawn Hedge Wizard) Turns: 15422, Time: 01:07:05

Health: -12/83     AC: 13    Str: 13    XL:     12   Next: 8%
Magic:  20/25      EV: 15    Int: 19    God:    Vehumet [***...]
Gold:   587        SH:  0    Dex: 18    Spells: 10/29 levels left

rFire   + . .      SeeInvis +   b - +5 dire flail
rCold   . . .      Faith    .   (shield currently unavailable)
rNeg    + + .      Spirit   .   E - +2 robe {rF+}
rPois   .          Reflect  .   J - +0 helmet of Edgharea {Contam rElec rN++ rCorr SInv}
rElec   +          Harm     .   z - +0 cloak
rCorr   +          Rampage  .   j - +2 pair of gloves
Will    +....                   p - +0 pair of boots
Stlth   +++.......              e - amulet of regeneration
HPRegen 1.03/turn               c - +6 ring of dexterity
MPRegen 0.19/turn               l - ring of willpower

@: no status effects
A: icy blue scales 2, ignite blood 1, powered by death 2, augmentation 1,
weakness stinger 2
a: Renounce Religion


You were on level 3 of the Lair of Beasts.
You worshipped Vehumet.
Vehumet was most pleased with you.
You visited 3 branches of the dungeon, and saw 15 of its levels.
You also visited: Sewer.

You collected 767 gold pieces.
You spent 180 gold pieces at shops.

Inventory:

Hand Weapons
 b - a +5 dire flail (weapon)
 i - a +2 dagger of pain
 D - a +3 spear
 N - a -2 demon whip of venom
Armour
 j - a +2 pair of gloves (worn)
 n - a +2 helmet
 p - a +0 pair of boots (worn)
 z - a +0 cloak (worn)
 E - a +2 robe of fire resistance (worn)
 F - a +1 leather armour of cold resistance
 H - a +0 troll leather armour
 J - the +0 helmet of Edgharea (worn) {Contam rElec rN++ rCorr SInv}
   (You bought it in a shop on level 10 of the Dungeon)

   rElec:     It insulates you from electricity.
   rN:        It greatly protects you from negative energy.
   SInv:      It lets you see invisible.
   Contam:    It causes magical contamination when unequipped.
   rCorr:     It protects you from acid and corrosion.
Magical Staves
 v - a staff of fire
 I - a staff of cold
Jewellery
 a - a ring of positive energy
 c - a +6 ring of dexterity (left hand)
 e - an amulet of regeneration (around neck)
 l - a ring of willpower (right hand)
 o - a ring of ice
 G - a ring of protection from cold
 K - an amulet of the acrobat
Wands
 L - a wand of polymorph (4)
 R - a wand of iceblast (4)
Scrolls
 k - 4 scrolls of amnesia
 s - 2 scrolls of blinking
 t - 5 scrolls of fear
 u - a scroll of enchant weapon
 w - 5 scrolls of teleportation
 x - 7 scrolls of identify
 y - a scroll of summoning
 B - 3 scrolls of immolation
 C - 3 scrolls of magic mapping
 P - a scroll of vulnerability
Potions
 d - 4 potions of magic
 f - 7 potions of curing
 h - 2 potions of haste
 m - 5 potions of brilliance
 q - 8 potions of flight
 r - 2 potions of might
 A - a potion of attraction
 M - a potion of cancellation
 O - 2 potions of resistance
Miscellaneous
 Q - a phantom mirror


   Skills:
 + Level 3.9 Fighting
 + Level 2.3 Short Blades
 * Level 6.2 Maces & Flails
 + Level 5.8 Dodging
 + Level 3.6 Stealth
 + Level 9.4 Spellcasting
 + Level 8.0 Conjurations
 + Level 2.9 Summonings
 + Level 3.8 Necromancy
 + Level 2.1 Translocations
 + Level 2.2 Transmutations
 * Level 6.9 Fire Magic
 + Level 0.1 Ice Magic
 + Level 0.3 Air Magic
 + Level 2.3 Poison Magic
 + Level 3.9 Evocations


You had 10 spell levels left.
You knew the following spells:

 Your Spells              Type           Power      Damage    Failure   Level
a - Magic Dart            Conj           100%       1d8       1%          1
b - Call Imp              Summ           20%        N/A       3%          2
c - Blink                 Tloc           34%        N/A       4%          2
d - Sting                 Tmut/Pois      68%        1d6       3%          1
e - Foxfire               Conj/Fire      100%       2x1d9     1%          1
f - Freeze                Ice            36%        1d6       2%          1
g - Static Discharge      Conj/Air       24%        3-6/arc   1%          2
h - Wereblood             Tmut           17%        N/A       4%          2
i - Fireball              Conj/Fire      18%        3d9       2%          5
j - Poisonous Vapours     Pois/Air       28%        N/A       1%          2

Your spell library contained the following spells:

 Spells                   Type           Power      Damage    Failure   Level
 Shock                    Conj/Air       96%        1d9       1%          1
 Conjure Flame            Conj/Fire      37%        6-21      1%          3
 Inner Flame              Hex/Fire       22%        N/A       1%          3
 Mephitic Cloud           Conj/Pois/Air  22%        N/A       1%          3
 Flame Wave               Conj/Fire      37%        2d10      1%          4
 Beastly Appendage        Tmut           34%        N/A       3%          1
 Slow                     Hex            32%        N/A       8%          1
 Spider Form              Tmut/Pois      17%        N/A       9%          3
 Olgreb's Toxic Radiance  Pois           17%        N/A       9%          4
 Ensorcelled Hibernation  Hex/Ice        18%        N/A       12%         2
 Starburst                Conj/Fire      18%        6d7       16%         6
 Airstrike                Air            5%         2d(1-17)  17%         4
 Swiftness                Air            10%        N/A       21%         3
 Anguish                  Hex/Necr       8%         N/A       34%         4
 Cause Fear               Hex            4%         N/A       61%         4
 Blade Hands              Tmut           8%         N/A       65%         5
 Ignition                 Fire           17%        3d7       99%         8
 Dragon Form              Tmut           8%         N/A       100%        7
 Dragon's Call            Summ           10%        N/A       100%        9


Dungeon Overview and Level Annotations

Branches:
Dungeon (11/15)            Temple (1/1) D:7            Lair (3/5) D:8
 Shoals (0/4) Lair:2        Snake (0/4) Lair:2        Sewer (visited)
    Orc: D:9-12

Altars:
Ashenzari
Cheibriados
Dithmenos
Fedhas
Gozag
Hepliaklqana
Kikubaaqudgha
Makhleb
Nemelex Xobeh
Okawaru
Qazlal
Ru
Sif Muna
Trog
Uskayaw
Vehumet
Wu Jian
Xom
Yredelemnul

Shops:
D:10 [


Innate Abilities, Weirdness & Mutations

You are mostly covered in icy blue scales. (AC +3)
Your demonic aura sometimes causes spilled blood to erupt in flames.
You regenerate health from kills.
Your magical and physical power is slightly enhanced at high health.
You have a tail ending in a sharp stinger.


Message History

The boulder beetle bites your white imp.
The elephant tramples you but does no damage.
The elephant trunk-slaps you but does no damage.
Your white imp hits the boulder beetle but does no damage.
The elephant tramples the plant.
The elephant trunk-slaps the plant.
Something bites your white imp!
Your white imp dies!
Your white imp disappears in a puff of smoke!
The elephant tramples you but does no damage.
The elephant barely misses you.
The elephant tramples the plant.
The elephant trunk-slaps the plant.
You see here a +3 short sword of flaming.
You barely miss the elephant.
A nearby plant withers and dies.
The elephant misses you. The elephant trunk-slaps you.
You hit the elephant.
The elephant is lightly wounded.
The elephant barely misses you. The elephant trunk-slaps you.
Casting: Call Imp (safe; 3% risk of failure)
Confirm with . or Enter, or press ? or * to list all spells.
A beastly little devil appears in a puff of flame.
The boulder beetle bites you. The elephant barely misses you.
The elephant misses you.
Casting: Call Imp (safe; 3% risk of failure)
Confirm with . or Enter, or press ? or * to list all spells.
You blink.
The boulder beetle leaps!
An elephant comes into view.
The elephant attacks as you move away! The elephant closely misses you. x2
The elephant tramples the plant!
The plant begins to die.
The elephant trunk-slaps the plant.
The elephant attacks as you move away!
The elephant tramples you but does no damage.
The elephant trunk-slaps you but does no damage.
You feel stable enough to blink again.
The boulder beetle curls into a ball and begins rolling!
Your crimson imp hits the boulder beetle.
The elephant attacks as you move away! The elephant barely misses you.
The elephant trunk-slaps you but does no damage.
The boulder beetle hits you!!!
Ouch! That really hurt!
You die...

#..#####....P.. ### .##...#
########(.P###.
..###.P+#..#..####P#.#....PP.##
................................
................................
#......?......[.................
#...............................
...............................
.....^......YB@.........[.!..#.
###.+.....○#####...#......##.
###.##..Y°.##...P..#......#.
##..°##Y.5†##......##.....##.
#..+...>)....†.#.......#.....# .
#........P....#.......##......#.
P...#?..P.....##......##.....##.
#..###..#.Y...##......#......###
#.. #..#.P....#..#.##.......#.#


You could see a boulder beetle (rolling) and 3 elephants.

Vanquished Creatures
  A two-headed ogre (D:9)
  Amaemon (Lair:1)
  A manticore (Lair:2)
  An orange demon (Lair:1)
  4 cane toads
  A torpor snail (Lair:3)
  3 komodo dragons
  3 rime drakes (Lair:1)
  2 trolls (D:9)
  A hornet (D:8)
  8 blink frogs
  A wind drake (Lair:2)
  2 dream sheep (Lair:3)
  A shadow (D:10)
  2 wyverns
  7 yaks
  A wraith (D:9)
  Eustachio (D:5)
  Grum (D:9)
  2 steam dragons
  A naga (Lair:2)
  7 water moccasins
  An acid dragon (D:10)
  2 black bears
  3 orc warriors
  9 wolves
  3 centaurs
  A kobold brigand (D:7)
  7 bullfrogs
  A gnoll sergeant (D:9)
  5 scorpions
  2 necrophages
  13 wights
  12 killer bees
  An electric eel (Lair:1)
  6 howler monkeys
  4 hounds
  3 orc priests
  3 jellies
  5 iguanas
  5 orc wizards
  4 hell rats (Lair:3)
  13 gnolls
  7 adders
  4 river rats (Sewer)
  6 white imps
  2 ufetubi
  A worm (D:2)
  2 dart slugs
  21 orcs
  10 ball pythons
  7 endoplasms
  8 giant cockroaches
  7 goblins
  13 hobgoblins
  3 jackals (Sewer)
  11 quokkas
  16 bats
  7 frilled lizards
  9 kobolds
  3 rats
292 creatures vanquished.

Vanquished Creatures (collateral kills)
  A two-headed ogre (D:10)
  An ogre (D:6)
  A bullfrog (D:6)
  An iguana (D:6)
  4 gnolls (D:4)
  3 orcs
  A giant cockroach (D:3)
  A goblin (D:4)
  3 foxfires
16 creatures vanquished.

Vanquished Creatures (others)
  A gnoll sergeant (D:9)
  2 human simulacra (D:9)
  A gnoll (D:9)
  621 foxfires
  8 fungi
  7 plants
640 creatures vanquished.

Grand Total: 948 creatures vanquished

Notes
Turn   | Place    | Note
-------+----------+-------------------------------------------
     0 | D:1      | gelatine the Demonspawn Hedge Wizard began the quest for
                  | the Orb.
     0 | D:1      | Reached XP level 1. HP: 13/13 MP: 4/4
   264 | D:1      | Gained mutation: You have a small tail. [demonic ancestry]
   264 | D:1      | Reached XP level 2. HP: 18/19 MP: 0/6
  1322 | D:2      | Gained mutation: You are partially covered in icy blue
                  | scales. (AC +2) [demonic ancestry]
  1322 | D:2      | Reached XP level 3. HP: 24/24 MP: 4/7
  1503 | D:2      | Learned a level 2 spell: Call Imp
  1654 | D:2      | Found a stormy altar of Qazlal.
  2040 | D:2      | Gained mutation: You have a tail ending in a sharp stinger.
                  | [demonic ancestry]
  2040 | D:2      | Reached XP level 4. HP: 30/30 MP: 3/9
  2276 | D:2      | Found a faded altar of an unknown god.
  2496 | D:3      | Learned a level 2 spell: Blink
  2821 | D:3      | Reached skill level 1 in Necromancy
  2821 | D:3      | Reached skill level 1 in Translocations
  3006 | D:3      | Reached skill level 4 in Spellcasting
  3594 | D:3      | Gained mutation: You regenerate a little health from kills.
                  | [demonic ancestry]
  3594 | D:3      | Reached XP level 5. HP: 22/35 MP: 5/11
  4136 | D:4      | Got Qiadwoargh's Precepts of Unstable Intoxication
  4174 | D:4      | Gained mutation: You are mostly covered in icy blue scales.
                  | (AC +3) [demonic ancestry]
  4174 | D:4      | Reached XP level 6. HP: 17/41 MP: 1/12
  4300 | D:4      | Reached skill level 1 in Short Blades
  4421 | D:4      | Found a glowing drain.
  4451 | Sewer    | Entered a sewer
  5725 | D:4      | Reached skill level 1 in Fighting
  6059 | D:5      | Entered Level 5 of the Dungeon
  6062 | D:5      | Learned a level 1 spell: Sting
  6074 | D:5      | Gained mutation: You regenerate health from kills. [demonic
                  | ancestry]
  6074 | D:5      | Reached XP level 7. HP: 38/48 MP: 8/13
  6438 | D:5      | Reached skill level 5 in Spellcasting
  6613 | D:5      | Noticed Eustachio
  6648 | D:5      | Killed Eustachio
  7036 | D:5      | Gained mutation: Your magical and physical power is
                  | slightly enhanced at high health. [demonic ancestry]
  7036 | D:5      | Reached XP level 8. HP: 49/54 MP: 9/16
  7250 | D:6      | Reached skill level 1 in Poison Magic
  7438 | D:6      | Reached skill level 1 in Transmutations
  7545 | D:6      | Reached skill level 6 in Spellcasting
  7875 | D:6      | Reached skill level 1 in Evocations
  8099 | D:6      | Reached skill level 1 in Fire Magic
  8698 | D:7      | Found a staircase to the Ecumenical Temple.
  8730 | D:7      | Reached XP level 9. HP: 46/59 MP: 9/18
  8750 | Temple   | Entered the Ecumenical Temple
  9035 | Temple   | Became a worshipper of Vehumet
  9219 | D:7      | Learned a level 1 spell: Foxfire
  9808 | D:7      | Reached skill level 7 in Spellcasting
  9808 | D:7      | Reached skill level 5 in Conjurations
 10033 | D:8      | Paralysed by a hornet for 1 turns
 10348 | D:8      | Reached * piety under Vehumet
 10348 | D:8      | Offered knowledge of Freeze by Vehumet.
 10351 | D:8      | Learned a level 1 spell: Freeze
 10658 | D:8      | Found a staircase to the Lair.
 10813 | D:8      | Gained mutation: Your demonic aura sometimes causes spilled
                  | blood to erupt in flames. [demonic ancestry]
 10813 | D:8      | Reached XP level 10. HP: 66/66 MP: 16/21
 10927 | D:9      | Noticed a two-headed ogre
 11031 | D:9      | Killed a two-headed ogre
 11032 | D:9      | Reached skill level 8 in Spellcasting
 11055 | D:9      | Noticed Grum
 11511 | D:9      | Reached skill level 1 in Maces & Flails
 11548 | D:9      | Reached skill level 5 in Dodging
 11669 | D:9      | Killed Grum
 11865 | D:9      | Found a shimmering blue altar of Sif Muna.
 11865 | D:9      | Found an iron altar of Okawaru.
 11961 | D:9      | Found a shimmering altar of Xom.
 11961 | D:9      | Found a hide-covered altar of Uskayaw.
 11962 | D:9      | Found a hazy altar of Hepliaklqana.
 11963 | D:9      | Found an ancient bone altar of Kikubaaqudgha.
 11963 | D:9      | Found a snail-covered altar of Cheibriados.
 11964 | D:9      | Found a stormy altar of Qazlal.
 11965 | D:9      | Found a blossoming altar of Fedhas.
 11965 | D:9      | Found a bloodstained altar of Trog.
 11966 | D:9      | Found a basalt altar of Yredelemnul.
 12236 | D:10     | Entered Level 10 of the Dungeon
 12279 | D:10     | Found Hiyfaehe's Antique Armour Shop.
 12282 | D:10     | Bought a polished helmet for 180 gold pieces
 12282 | D:10     | Identified the +0 helmet of Edgharea {Contam rElec rN++
                  | rCorr SInv} (You bought it in a shop on level 10 of the
                  | Dungeon)
 12404 | D:10     | Noticed a two-headed ogre
 12415 | D:10     | Killed a two-headed ogre
 12546 | D:10     | Reached ** piety under Vehumet
 12546 | D:10     | Offered knowledge of Static Discharge by Vehumet.
 12557 | D:10     | Learned a level 2 spell: Static Discharge
 12560 | D:10     | Learned a level 2 spell: Wereblood
 12946 | D:11     | Noticed a five-headed hydra
 13014 | Lair:1   | Entered Level 1 of the Lair of Beasts
 13057 | Lair:1   | Noticed a cane toad
 13063 | Lair:1   | Killed a cane toad
 13064 | Lair:1   | Reached XP level 11. HP: 58/75 MP: 18/23
 13212 | Lair:1   | Reached skill level 5 in Fire Magic
 13223 | Lair:1   | Learned a level 5 spell: Fireball
 13369 | Lair:1   | Noticed Amaemon
 13445 | Lair:1   | Killed Amaemon
 14061 | Lair:2   | Offered knowledge of Poisonous Vapours by Vehumet.
 14062 | Lair:2   | Reached skill level 5 in Maces & Flails
 14085 | Lair:2   | Learned a level 2 spell: Poisonous Vapours
 14272 | Lair:2   | Reached skill level 9 in Spellcasting
 14359 | Lair:2   | Found a staircase to the Shoals.
 14575 | Lair:2   | Found a staircase to the Snake Pit.
 14968 | Lair:3   | Reached *** piety under Vehumet
 15234 | Lair:3   | Reached XP level 12. HP: 83/83 MP: 19/25
 15391 | Lair:3   | Noticed a boulder beetle
 15422 | Lair:3   | Mangled by a boulder beetle

Illustrated notes

Levels and vault maps discovered:
D:1:      eino_arrival_tree_alley, layout_loops_ring
D:2:      layout_rooms, basic_altar, shapermc_ecumenical_altar_venn,
          minmay_split_cup_small
D:3:      layout_loops_corners
D:4:      layout_rooms, gup_sewer_entry_glass
D:5:      layout_cave_pools, serial_bayou_crossing, uniq_eustachio
D:6:      minmay_evil_eye, layout_loops_cross, kennysheep_dice
D:7:      layout_gridville, minmay_temple_entry_arrows
D:8:      layout_basic, lair_entry_dummy
D:9:      layout_loops_ring, nicolae_overflows_in_rows, bh_circular_ruins,
          uniq_grum
D:10:     layout_roguey, serial_shops, nicolae_shop_window_shopping
D:11:     layout_cave_pools, enter_trove_6, chequers_big_river, uniq_lodul
Temple:   kb_temple_of_zot
Lair:1:   layout_roguey, chequers_serial_rivers_micro_c,
          infiniplex_staircase_pool, uniq_amaemon
Lair:2:   layout_long_grid, minmay_shoals_entry_beasts,
          guppyfry_snake_entry_garden, chequers_serial_rivers_micro_c,
          uniq_erica
Lair:3:   layout_regular_city

Skill      XL: |  1  2  3  4  5  6  7  8  9 10 11 12 |
---------------+-------------------------------------+-----
Stealth        | 2 3 |  3.6
Dodging        | 2 3 4 5 |  5.8
Conjurations   | 2 3 4 6 7 8 |  8.0
Necromancy     | 1 2 3 |  3.8
Translocations | 1 2 |  2.1
Spellcasting   | 4 5 6 7 8 9 |  9.4
Summonings     | 2 |  2.9
Short Blades   | 1 2 |  2.3
Fighting       | 1 3 |  3.9
Poison Magic   | 1 2 |  2.3
Transmutations | 1 2 |  2.2
Evocations     | 2 3 |  3.9
Fire Magic     | 1 3 4 6 |  6.9
Maces & Flails | 3 6 |  6.2
Ice Magic      | |  0.1
Air Magic      | |  0.3

Action                   |  1- 3 |  4- 6 |  7- 9 | 10-12 || total
-------------------------+-------+-------+-------+-------++-------
Melee: Dagger            |    56 |   173 |   134 |       ||   363
       Tailslap          |     4 |    18 |    25 |    36 ||    83
       Punch             |     1 |     3 |     1 |       ||     5
       Dire flail        |       |       |     8 |   237 ||   245
 Cast: Magic Dart        |    94 |   194 |   147 |    12 ||   447
       Call Imp          |       |    11 |    13 |    10 ||    34
       Blink             |       |     3 |     9 |     9 ||    21
       Sting             |       |     5 |    37 |    18 ||    60
       Foxfire           |       |       |   122 |   252 ||   374
       Wereblood         |       |       |       |     7 ||     7
       Fireball          |       |       |       |     7 ||     7
       Poisonous Vapours |       |       |       |     4 ||     4
       Freeze            |       |       |       |     2 ||     2
  Use: Scroll            |     4 |     7 |     4 |     5 ||    20
       Potion            |       |     3 |       |     6 ||     9
 Stab: Distracted        |       |       |       |     1 ||     1
       Sleeping          |       |       |       |     1 ||     1
Armor: Robe              |    27 |   112 |    94 |   177 ||   410
Dodge: Dodged            |    35 |   169 |   148 |   349 ||   701

Table legend: (Time is in decaauts)
 A = Elapsed time spent in this place.
 B = Non-inter-level travel time spent in this place.
 C = Inter-level travel time spent in this place.
 D = Time resting spent in this place.
 E = Time spent auto-exploring this place.
 F = Levels seen in this place.
 G = Mean time per level.
                   A        B        C        D        E       F      G
               +--------+--------+--------+--------+--------+-----+--------+
         Total |  15644 |  14934 |    710 |    580 |  10958 |  16 |  977.8 |
       Dungeon |  11574 |  11035 |    539 |    304 |   8371 |  11 | 1052.2 |
        Temple |    314 |    222 |     92 |      0 |    200 |   1 |  314.0 |
          Lair |   2415 |   2336 |     79 |    206 |   1459 |   3 |  805.0 |
         Sewer |   1340 |   1340 |      0 |     70 |    927 |   1 | 1340.0 |
               +--------+--------+--------+--------+--------+-----+--------+

Top non-repeatable levels by time:
     D:6: 1550 daAuts
     D:3: 1498 daAuts
   Sewer: 1340 daAuts
     D:1: 1318 daAuts
     D:8: 1255 daAuts
     D:2: 1172 daAuts
     D:9: 1100 daAuts
     D:5: 1067 daAuts
  Lair:1: 1000 daAuts
     D:7: 952 daAuts
     D:4: 900 daAuts
  Lair:2: 890 daAuts
    D:10: 753 daAuts
  Lair:3: 524 daAuts
  Temple: 314 daAuts
